 Dungeon Crawl Stone Soup version 0.24.0-29-g8ce449bc06 (webtiles) character file.

Game seed: 1783106425099638558, levelgen mode: deterministic

145 night the Conjurer (level 5, -4/28 HPs)
             Began as a Tengu Conjurer on Nov 14, 2019.
             Shot with an arrow by a centaur (6 damage)
             ... on level 5 of the Dungeon.
             The game lasted 00:07:53 (2838 turns).

night the Conjurer (Tengu Conjurer)                 Turns: 2838, Time: 00:07:53

Health: -4/28      AC:  4    Str:  8    XL:     5   Next: 27%
Magic:  7/11       EV: 15    Int: 16    God:
Gold:   136        SH:  0    Dex: 15    Spells: 4/11 levels left

rFire    . . .     SeeInvis .   f - +1 hand axe
rCold    . . .     Gourm    +   (no shield)
rNeg     . . .     Faith    .   a - +0 robe
rPois    .         Spirit   .   (helmet restricted)
rElec    .         Reflect  .   i - +1 cloak
rCorr    .         Harm     .   (no gloves)
MR       .....                  (boots unavailable)
Stlth    ++........             g - amulet of the gourmand
HPRegen  0.09/turn              (no ring)
MPRegen  0.12/turn              (no ring)

@: about to teleport, flying quickly and evasively, quick
A: beak, talons 3, able to fly
a: Stop Flying


You were on level 5 of the Dungeon.
You were not hungry.

You visited 1 branch of the dungeon, and saw 4 of its levels.

You collected 136 gold pieces.

Inventory:

Hand Weapons
 f - a +1 hand axe (weapon)
Missiles
 d - 20 arrows
Armour
 a - a +0 robe (worn)
 i - a +1 cloak (worn)
Jewellery
 g - an amulet of the gourmand (around neck)
Scrolls
 e - 2 scrolls of teleportation
 j - a scroll of identify
Potions
 b - 2 potions of curing {unknown}
 h - a potion of degeneration {unknown}
 k - 2 potions of agility {unknown}
Comestibles
 c - 5 rations


   Skills:
 - Level 2.1 Dodging
 - Level 2.0 Stealth
 + Level 3.7 Spellcasting
 + Level 7.0 Conjurations


You had 4 spell levels left.
You knew the following spells:

 Your Spells              Type           Power        Failure   Level  Hunger
a - Magic Dart            Conj           ####         1%          1    None
b - Searing Ray           Conj           ####..       1%          2    ##.....
c - Iskenderun's Mystic   Conj           ####....     10%         4    ####...

Your spell library contained the following spells:

 Spells                   Type           Power        Failure   Level  Hunger
 Dazzling Spray           Conj/Hex       ##....       12%         3    ###....
 Force Lance              Conj/Tloc      ##......     38%         4    ####...
 Fulminant Prism          Conj/Hex       ##........   38%         4    ####...


Dungeon Overview and Level Annotations

Branches:
Dungeon (3/15)

Altars:


Innate Abilities, Weirdness & Mutations

You have a beak for a mouth.
You have claws for feet.
You can fly continuously.


Message History

Aiming: Iskenderun's Mystic Blast (safe; 10% risk of failure)
Press: ? - help, Shift-Dir - straight line, f - centaur
Aim: a centaur (hasn't noticed you)
The orb of energy hits the centaur!
The centaur is heavily wounded.
The centaur shouts!
The orb of energy explodes!
The centaur wields a +0 shortbow.
The centaur shoots an arrow.
The arrow hits you!
The centaur wields a +0 shortbow.
The centaur shoots an arrow.
The arrow hits you!
An adder comes into view.
The adder hisses angrily.
As you read the scroll of teleportation, it crumbles to dust.
You feel strangely unstable.
The centaur shoots an arrow.
The arrow misses you.
The centaur shoots an arrow.
The arrow closely misses you.
You see here an arrow.
The centaur shoots an arrow.
The arrow hits you!
* * * LOW HITPOINT WARNING * * *
The centaur shoots an arrow.
The arrow hits you.
You die...

.......
.#.#.#.##
........##
.........##
..c.......#
..........##
..c........#
...S...((@.#
.....$......#
............#
.........####
.....#####
#...[ ###. ##


You could see 2 centaurs and an adder.

Vanquished Creatures
  A hound (D:3)
  2 adders (D:2)
  An ooze (D:3)
  4 worms (D:2)
  5 dart slugs
  A leopard gecko (D:3)
  3 orcs (D:3)
  10 bats
  4 giant cockroaches
  6 goblins
  5 hobgoblins
  7 kobolds
  4 quokkas
  A ball python (D:3)
  5 frilled lizards
  7 rats
66 creatures vanquished.

Notes
Turn   | Place    | Note
-------+----------+-------------------------------------------
     0 | D:1      | night the Tengu Conjurer began the quest for the Orb.
     0 | D:1      | Reached XP level 1. HP: 10/10 MP: 4/4
   180 | D:1      | Reached XP level 2. HP: 15/15 MP: 1/6
   518 | D:1      | Learned a level 2 spell: Searing Ray
   806 | D:2      | Reached XP level 3. HP: 13/19 MP: 2/7
   898 | D:2      | Reached skill level 6 in Conjurations
  1372 | D:2      | Reached XP level 4. HP: 22/24 MP: 5/9
  1407 | D:2      | Learned a level 4 spell: Iskenderun's Mystic Blast
  2763 | D:3      | Reached skill level 7 in Conjurations
  2763 | D:3      | Gained mutation: You can fly continuously. [Tengu growth]
  2763 | D:3      | Reached XP level 5. HP: 25/28 MP: 8/11
  2834 | D:3      | You are sucked into a shaft and drop 2 floors!
  2834 | D:5      | Entered Level 5 of the Dungeon
  2834 | D:5      | Noticed a centaur
  2835 | D:5      | Noticed a centaur
  2838 | D:5      | Shot with an arrow by a centaur

Levels and vault maps discovered:
D:1:      scummos_arrival_simple_crosswalls, layout_basic
D:2:      layout_loops_ring, serial_forest, infiniplex_forest_pool,
          infiniplex_forest_clump_double, infiniplex_forest_zigzag_1,
          infiniplex_forest_corner_2, infiniplex_forest_end_2,
          infiniplex_forest_clump_double, infiniplex_forest_straight_1
D:3:      layout_loops_ring, first_ration, solitary_fountain,
          serial_bayou_pond_b
D:5:      layout_cave_pods, serial_glass, glass_columns_c, glass_columns_a,
          glass_columns_a, glass_columns_b, glass_columns_a, glass_columns_c,
          glass_columns_b, glass_columns_a, glass_columns_a, glass_columns_c,
          minmay_strange_pillars, due_unseen_surprise, item_on_display_a,
          feat_on_display

Skill      XL: |  1  2  3  4 |
---------------+-------------+-----
Conjurations   | 6 7 |  7.0
Spellcasting   | 3 |  3.7
Dodging        | |  2.1
Stealth        | |  2.0

Action                   |  1- 3 |  4- 6 || total
-------------------------+-------+-------++-------
Melee: Hand axe          |     5 |    22 ||    27
       Kick              |     2 |     6 ||     8
       Peck              |     1 |     6 ||     7
       Falchion          |       |     7 ||     7
 Cast: Magic Dart        |    63 |    48 ||   111
       Searing Ray       |     2 |     2 ||     4
       Iskenderun's Myst |       |     1 ||     1
 Abil: Fly               |       |     1 ||     1
  Use: Scroll            |       |    10 ||    10
  Eat: Chunk             |     2 |     9 ||    11
Armor: Robe              |     2 |     3 ||     5
Dodge: Dodged            |     4 |    36 ||    40
       Rpst.: Falchion   |       |     4 ||     4
